 Dungeon Crawl Stone Soup version 0.27-a0-909-g0721f309d1 (webtiles) character file.

Game seed: 14591917555168576821

21249 robertstho the Protected (level 12, 0/115 HPs)
             Began as a Deep Dwarf Fighter on Apr 8, 2021.
             Was a Priest of Makhleb.
             Slain by a two-headed ogre
             ... wielding a +0 giant club
              (2 damage)
             ... on level 2 of the Orcish Mines.
             The game lasted 00:17:51 (10850 turns).

robertstho the Protected (Deep Dwarf Fighter)      Turns: 10850, Time: 00:17:51

Health: 0/115      AC: 15    Str: 23    XL:     12   Next: 52%
Magic:  9/9        EV: 12    Int: 11    God:    Makhleb [***...]
Gold:   505        SH:  0    Dex: 12    Spells: 11/11 levels left

rFire    + + .     SeeInvis .   b - +5 triple sword "Rovegh" {protect, Fly rF+}
rCold    . . .     Faith    .   (shield currently unavailable)
rNeg     . . .     Spirit   .   g - +0 plate armour
rPois    .         Reflect  .   (no helmet)
rElec    .         Harm     .   y - scarf {repulsion}
rCorr    .         Rampage  .   (no gloves)
Will     +....                  (no boots)
Stlth    ..........             C - amulet of the acrobat
HPRegen  0.00/turn              v - +4 ring of evasion
MPRegen  0.11/turn              A - ring of protection from fire

@: flying, non-regenerating, studying Armour, repel missiles
A: damage resistance, heal wounds, sense surroundings 2, no regeneration
a: Heal Wounds, Renounce Religion, Minor Destruction, Lesser Servant of Makhleb


You were on level 2 of the Orcish Mines.
You worshipped Makhleb.
Makhleb was most pleased with you.
You visited 3 branches of the dungeon, and saw 15 of its levels.
You also visited: Ossuary.

You collected 829 gold pieces.
You spent 324 gold pieces at shops.

Inventory:

Hand Weapons
 a - a +0 long sword
 b - the +5 triple sword "Rovegh" (weapon) {protect, Fly rF+}
   (You acquired it on level 4 of the Dungeon)

   It grants its wielder temporary protection when it strikes (+7 to AC).
   It protects you from fire.
   It grants you flight.
 j - a +2 vorpal war axe
Missiles
 u - 5 throwing nets
 x - 5 curare-tipped darts
Armour
 g - a +0 plate armour (worn)
 k - a +1 tower shield
 n - a +1 chain mail of cold resistance
 y - a scarf of repulsion (worn)
 z - a scarf of resistance
Jewellery
 v - a +4 ring of evasion (left hand)
 A - a ring of protection from fire (right hand)
 C - an amulet of the acrobat (around neck)
Wands
 o - a wand of iceblast (10)
 t - a wand of polymorph (6)
 D - a wand of digging (4)
Scrolls
 h - 3 scrolls of enchant weapon
 m - 12 scrolls of teleportation
 q - a scroll of immolation
 s - a scroll of vulnerability {unknown}
 E - a scroll of magic mapping {unknown}
Potions
 c - 2 potions of attraction
 d - 4 potions of might
 e - a potion of resistance {unknown}
 f - 4 potions of heal wounds
 l - a potion of brilliance {unknown}
 p - 4 potions of lignification
 r - 6 potions of curing
 B - a potion of haste


   Skills:
 * Level 9.5 Fighting
 + Level 12.4 Long Blades
 + Level 1.6 Axes
 * Level 12.4 Armour
 + Level 1.7 Dodging
 + Level 4.8 Shields
 * Level 9.7 Invocations


You had 11 spell levels left.
You didn't know any spells.
Your spell library contained the following spells:

 Spells                   Type           Power      Damage    Failure   Level
 Beastly Appendage        Tmut           0%         N/A       98%         1
 Summon Small Mammal      Summ           0%         N/A       98%         1
 Call Imp                 Summ           0%         N/A       99%         2
 Wereblood                Tmut           0%         N/A       99%         2
 Call Canine Familiar     Summ           0%         N/A       100%        3
 Confusing Touch          Hex            0%         N/A       100%        3
 Gell's Gravitas          Tloc           0%         N/A       100%        3
 Spider Form              Tmut/Pois      0%         N/A       100%        3
 Summon Guardian Golem    Hex/Summ       0%         N/A       100%        3
 Ice Form                 Ice/Tmut       0%         N/A       100%        4
 Petrify                  Tmut/Erth      0%         N/A       100%        4
 Summon Ice Beast         Ice/Summ       0%         N/A       100%        4
 Summon Lightning Spire   Summ/Air       0%         N/A       100%        4
 Hydra Form               Tmut           0%         N/A       100%        5
 Metabolic Englaciation   Hex/Ice        0%         N/A       100%        5
 Yara's Violent Unravell  Hex/Tmut       0%         3d3       100%        5


Dungeon Overview and Level Annotations

Branches:
Dungeon (12/15)            Temple (1/1) D:5            Lair (0/6) D:8
    Orc (2/2) D:12        Ossuary (visited)
    Elf: Orc:2

Altars:
Ashenzari
Cheibriados
Dithmenos
Elyvilon
Fedhas
Gozag
Hepliaklqana
Kikubaaqudgha
Makhleb
Nemelex Xobeh
Okawaru
Qazlal
Ru
Sif Muna
Trog
Uskayaw
Vehumet
Wu Jian
Xom
Yredelemnul
Zin
The Shining One

Shops:
D:10 (   Orc:1 *   Orc:2 :!

Annotations:
D:5 2 transporters


Innate Abilities, Weirdness & Mutations

You are resistant to damage.
You can heal yourself by infusing magical energy.
You passively map the area around you.
You do not regenerate.


Message History

The two-headed ogre yells, "Help!"
The two-headed ogre begs, "Please don't kill me!"
Cornered, the two-headed ogre turns to fight!
You hear some strange, mumbled words.
Something tries to affect you, but you resist.
You hear some strange, mumbled words.
The two-headed ogre seems to speed up.
The two-headed ogre seems to regain its courage. x3
Your orange demon stings the two-headed ogre!
The two-headed ogre looks as sick as possible!
Your orange demon poisons the two-headed ogre!
Your orange demon barely misses the two-headed ogre.
The two-headed ogre hits your orange demon with a +0 giant club.
Your orange demon dies!
The ogre completely misses you.
An ogre comes into view. It is wielding a +0 giant club.
The two-headed ogre seems to regain its courage.
The two-headed ogre closely misses you.
You riposte.
You slice the two-headed ogre!!
Your weapon exudes an aura of protection.
You kill the two-headed ogre!
Makhleb accepts your kill.
Things that are here:
a +0 giant club; a +0 giant spiked club; a two-headed ogre corpse The ogre completely misses you.
You hear some strange, mumbled words.
Makhleb accepts your kill.
Reactivating autopickup.
You feel a bit more experienced.
The two-headed ogre hits you with a +0 giant spiked club!
The two-headed ogre hits you but does no damage.
The two-headed ogre hits you with a +0 giant club!!
* * * LOW HITPOINT WARNING * * *
The two-headed ogre completely misses you.
There is a stone staircase leading up, spattered with blood here.
The ogre seems to regain its courage.
The two-headed ogre hits you with a +0 giant club!
* * * LOW HITPOINT WARNING * * *
The two-headed ogre hits you with a +0 giant spiked club.
You die...

########## ###
##.##.....##..#####
#...............#.##
#..........#.......#
#######..........#....<..#
##.#.#.#.................##
##........)...OO..#........#
#.........)O..OO@..........#
....#..........O....))....##
.O..#.....O..........).....##
............O...............#
....).......................#
...)....)..^........####...##
.)#................## ##..##
............#.....##* ##..#
).....###....##.### #.##


You could see 4 two-headed ogres and 4 ogres.

Vanquished Creatures
  Harold (D:7)
  A hydra (D:12)
  A catoblepas (D:11)
  2 two-headed ogres
  The ghost of robertstho the Covert, a novice OpBe of Trog (D:7)
  Pikel (D:7)
  A cyclops (D:11)
  5 centaur zombies
  2 kobold demonologists (D:11)
  The ghost of Zeld the Conjurer, a novice OpCj (D:7)
  2 polar bears (D:12)
  Prince Ribbit (D:7)
  A troll (D:8)
  A meliai zombie (D:10)
  7 slime creatures
  Sigmund (D:6)
  3 shadows
  3 wraiths
  3 wyverns
  Grum (D:9)
  16 yaks
  A basilisk (D:11)
  A vampire mosquito (D:11)
  2 steam dragons
  An acid dragon (D:11)
  A water moccasin (D:8)
  4 orc warriors
  4 ice beasts
  2 sky beasts
  A hornet zombie (D:8)
  6 ogres
  A necrophage (D:6)
  4 wolves (D:9)
  13 centaurs
  A lemure (D:7)
  An elf zombie (Ossuary)
  A phantom (D:12)
  2 kobold brigands
  2 bullfrogs
  2 scorpions
  6 killer bees (D:7)
  2 troll zombies (D:12)
  A human zombie (Ossuary)
  6 orc priests
  A bullfrog skeleton (D:3)
  A centaur skeleton (D:2)
  2 hounds
  A jelly (D:7)
  An iguana (D:4)
  4 orc wizards
  4 ogre zombies (D:12)
  4 mummies
  4 howler monkey zombies
  A howler monkey skeleton (D:7)
  4 gnolls (D:6)
  5 adders
  A shadow imp (D:8)
  A white imp (D:3)
  A worm (D:4)
  A dart slug (D:1)
  24 orcs
  3 bat zombies (D:7)
  5 endoplasms
  5 giant cockroaches
  4 goblins
  2 hobgoblins
  6 jackals (D:1)
  11 kobolds
  2 quokkas
  7 ball pythons
  7 bats
  5 frilled lizards (D:1)
  A goblin skeleton (D:12)
  7 goblin zombies
  A hobgoblin skeleton (D:12)
  4 hobgoblin zombies
  2 kobold zombies (Ossuary)
  An orc skeleton (D:12)
  9 orc zombies (D:12)
  4 rats
  A rat zombie (D:7)
267 creatures vanquished.

Vanquished Creatures (collateral kills)
  2 hydras (D:12)
  2 ogre magi (Orc:2)
  A two-headed ogre (Orc:2)
  A manticore (D:12)
  An unseen horror (D:12)
  An ogre (Orc:2)
  2 centaurs (D:12)
  An orc priest (D:12)
  2 orcs (D:12)
  A hobgoblin skeleton (D:12)
  2 orc zombies (D:12)
16 creatures vanquished.

Vanquished Creatures (others)
  An orc wizard (D:12)
  2 kobolds (D:11)
  6 withered plants (D:7)
9 creatures vanquished.

Grand Total: 292 creatures vanquished

Notes
Turn   | Place    | Note
-------+----------+-------------------------------------------
     0 | D:1      | robertstho the Deep Dwarf Fighter began the quest for the
                  | Orb.
     0 | D:1      | Reached XP level 1. HP: 20/20 MP: 1/1
    77 | D:1      | Found a faded altar of an unknown god.
   147 | D:1      | Reached XP level 2. HP: 24/27 MP: 2/2
   396 | D:1      | Reached XP level 3. HP: 23/33 MP: 3/3
   881 | D:2      | Reached XP level 4. HP: 26/42 MP: 4/4
  1446 | D:3      | Noticed a bullfrog
  1453 | D:3      | Killed a bullfrog
  1454 | D:3      | Reached skill level 1 in Dodging
  1454 | D:3      | Reached XP level 5. HP: 36/49 MP: 5/5
  1847 | D:4      | Reached skill level 1 in Axes
  1847 | D:4      | Reached XP level 6. HP: 40/56 MP: 6/6
  1962 | D:4      | Identified a scroll of acquirement
  1962 | D:4      | Acquired the +5 triple sword "Rovegh" {protect, Fly rF+}
  1989 | D:4      | Found a sand-covered staircase.
  1995 | Ossuary  | Entered an ossuary
  1995 | Ossuary  | Noticed a wraith
  1995 | Ossuary  | Noticed a wraith
  1995 | Ossuary  | Noticed a wraith
  2023 | Ossuary  | Reached skill level 5 in Armour
  2490 | D:4      | Reached XP level 7. HP: 32/64 MP: 7/7
  2953 | D:5      | Entered Level 5 of the Dungeon
  2953 | D:5      | Found a staircase to the Ecumenical Temple.
  2981 | D:5      | Found a transporter.
  2997 | D:5      | Found a transporter.
  3021 | Temple   | Entered the Ecumenical Temple
  3248 | Temple   | Became a worshipper of Makhleb the Destroyer
  3362 | D:5      | Reached skill level 5 in Long Blades
  3362 | D:5      | Reached skill level 1 in Invocations
  3728 | D:5      | Found a sacrificial altar of Ru.
  4096 | D:6      | Noticed Sigmund
  4104 | D:6      | Killed Sigmund
  4105 | D:6      | Reached XP level 8. HP: 38/73 MP: 7/9
  4144 | D:6      | Found a shimmering altar of Xom.
  4145 | D:6      | Found a hazy altar of Hepliaklqana.
  4146 | D:6      | Noticed a spectral ugly thing
  4445 | D:6      | Reached skill level 5 in Fighting
  4539 | D:6      | Found a snail-covered altar of Cheibriados.
  4929 | D:7      | Noticed Pikel
  4949 | D:7      | Killed Pikel
  4959 | D:7      | Found a runed translucent gate.
  4959 | D:7      | Found a runed translucent gate.
  4960 | D:7      | Found a runed translucent gate.
  4962 | D:7      | Noticed Zeld's ghost (novice OpCj)
  4964 | D:7      | Noticed robertstho's ghost (novice OpBe)
  5030 | D:7      | Found an iron altar of Okawaru.
  5034 | D:7      | Found a blossoming altar of Fedhas.
  5039 | D:7      | Found a shimmering blue altar of Sif Muna.
  5092 | D:7      | Gained mutation: You passively map the area around you.
                  | [Deep Dwarf growth]
  5092 | D:7      | Reached XP level 9. HP: 76/81 MP: 9/9
  5125 | D:7      | Noticed Prince Ribbit
  5143 | D:7      | Killed Prince Ribbit
  5274 | D:7      | Reached skill level 5 in Invocations
  5275 | D:7      | Reached * piety under Makhleb
  5513 | D:7      | Noticed Harold
  5527 | D:7      | Killed Harold
  5582 | D:7      | Found an ancient bone altar of Kikubaaqudgha.
  5724 | D:7      | Killed robertstho's ghost
  5725 | D:7      | Reached XP level 10. HP: 54/92 MP: 10/10
  5733 | D:7      | Killed Zeld's ghost
  5783 | D:8      | Noticed a two-headed ogre
  5801 | D:8      | Killed a two-headed ogre
  5888 | D:8      | Found a staircase to the Lair.
  6181 | D:8      | Reached ** piety under Makhleb
  6366 | D:8      | Found a radiant altar of Vehumet.
  6871 | D:9      | Reached skill level 10 in Armour
  7146 | D:9      | Reached skill level 10 in Long Blades
  7347 | D:9      | Noticed Grum
  7363 | D:9      | Reached XP level 11. HP: 65/100 MP: 10/10
  7368 | D:9      | Killed Grum
  7468 | D:10     | Entered Level 10 of the Dungeon
  7556 | D:10     | Found a bloodstained altar of Trog.
  7872 | D:10     | Found Nutzyajobb's Antique Weapon Shoppe.
  8494 | D:11     | Reached *** piety under Makhleb
  8920 | D:11     | Noticed a catoblepas
  9059 | D:11     | Killed a catoblepas
  9512 | D:12     | Noticed a six-headed hydra
  9528 | D:12     | Killed a seven-headed hydra
  9529 | D:12     | Reached XP level 12. HP: 70/112 MP: 11/11
  9620 | D:12     | Found a bloodstained altar of Trog.
  9714 | D:12     | Noticed an eight-headed hydra
  9741 | D:12     | Killed an 11-headed hydra
  9801 | D:12     | Found a staircase to the Orcish Mines.
  9825 | D:12     | Noticed a six-headed hydra
  9837 | D:12     | Killed a six-headed hydra
 10083 | D:12     | Acquired a manual of Armour
 10603 | Orc:1    | Entered Level 1 of the Orcish Mines
 10608 | Orc:1    | Found Vuerph's Assorted Antiques.
 10641 | Orc:1    | Bought a scroll of identify for 54 gold pieces
 10641 | Orc:1    | Bought a potion of might for 108 gold pieces
 10641 | Orc:1    | Bought an onyx ring for 135 gold pieces
 10641 | Orc:1    | Bought a scroll labelled QETUXT XEIRUAM for 27 gold pieces
 10732 | Orc:2    | Entered Level 2 of the Orcish Mines
 10813 | Orc:2    | Noticed an ogre mage
 10813 | Orc:2    | Noticed an ogre mage
 10813 | Orc:2    | Noticed a two-headed ogre
 10814 | Orc:2    | Found Luoseph's Book Boutique.
 10814 | Orc:2    | Found Qourch's Distillery.
 10814 | Orc:2    | Noticed a two-headed ogre
 10814 | Orc:2    | Noticed a two-headed ogre
 10814 | Orc:2    | Noticed an ogre mage
 10814 | Orc:2    | Noticed an ogre mage
 10814 | Orc:2    | Noticed a two-headed ogre
 10814 | Orc:2    | Noticed a two-headed ogre
 10814 | Orc:2    | Noticed a two-headed ogre
 10816 | Orc:2    | Noticed a two-headed ogre
 10824 | Orc:2    | Killed a two-headed ogre
 10825 | Orc:2    | Killed an ogre mage
 10842 | Orc:2    | Killed a two-headed ogre
 10846 | Orc:2    | Killed an ogre mage
 10850 | Orc:2    | HP: 2/115 [two-headed ogre/+0 giant club (16)]
 10850 | Orc:2    | Slain by a two-headed ogre

Illustrated notes

Levels and vault maps discovered:
D:1:      minmay_arrival_open_corners, layout_basic, basic_ecumenical_altar,
          minmay_lizard_pond
D:2:      layout_rooms
D:3:      layout_basic
D:4:      layout_loops_corners, nicolae_ossuary_entry_ruins
D:5:      gammafunk_steamed_eel, layout_basic, kennysheep_mini_moat,
          minmay_temple_entry_junction_2, minmay_misc_feat_four_crosses,
          minmay_misc_feat_square, nicolae_underground_beach
D:6:      layout_loops_corners, regret_index_temple_of_mockery, slow_altar_2,
          uniq_sigmund
D:7:      layout_loops_ring, lemuel_zombie_altar_kikubaaqudgha,
          grunt_temple_overflow_diamond, gammafunk_ghost_cemetery,
          uniq_prince_ribbit1, uniq_pikel, uniq_harold
D:8:      layout_basic, kennysheep_mini, lair_entry_dummy
D:9:      layout_stronghold, uniq_grum
D:10:     layout_layer_cave, serial_shops, shop, david_defended_altar_orc
D:11:     minmay_inner_zag, layout_gridville, st_stairs_3, lemuel_nasty_fountain
D:12:     layout_basic, zombieorc1_lemuel, trog_ov_bears_minmay
Temple:   nicolae_temple_figure_eight
Orc:1:    layout_diamond_mine, serial_shops, shop_statue, mines3_lemuel
Orc:2:    st_orc_ogre_mass, layout_caves, serial_shops, shop,
          nicolae_orc_crystal_geode, uniq_maurice

Skill      XL: |  1  2  3  4  5  6  7  8  9 10 11 12 |
---------------+-------------------------------------+-----
Fighting       | 3 4 5 6 7 8 9 |  9.5
Armour         | 4 5 6 7 9 10 11 12 | 12.4
Shields        | 4 |  4.8
Long Blades    | 3 4 5 6 8 10 11 12 | 12.4
Dodging        | 1 |  1.7
Axes           | 1 |  1.6
Invocations    | 2 4 6 7 9 |  9.7

Action                   |  1- 3 |  4- 6 |  7- 9 | 10-12 || total
-------------------------+-------+-------+-------+-------++-------
Melee: Long sword        |   104 |    67 |       |       ||   171
       War axe           |       |    38 |       |       ||    38
       Triple sword      |       |    50 |   164 |   438 ||   652
Invok: Lesser Servant of |       |       |       |    13 ||    13
 Abil: Heal Wounds       |       |     4 |     7 |    25 ||    36
Evoke: Wand              |       |       |       |     1 ||     1
  Use: Scroll            |       |    11 |       |     9 ||    20
       Potion            |       |       |       |     2 ||     2
 Stab: Petrified         |       |       |       |     5 ||     5
       Petrifying        |       |       |       |     1 ||     1
Armor: Scale mail        |    62 |    46 |       |       ||   108
       Chain mail        |       |     5 |       |       ||     5
       Plate armour      |       |    45 |   169 |   776 ||   990
Dodge: Dodged            |    34 |    43 |    85 |   400 ||   562
       Repelled          |       |       |       |     1 ||     1
Block: Kite shield       |    83 |     5 |       |       ||    88
       Tower shield      |       |   106 |       |       ||   106
       Rpst.: Long sword |     8 |     3 |       |       ||    11
       Triple sword      |       |     7 |    30 |    67 ||   104

Table legend: (Time is in decaauts)
 A = Elapsed time spent in this place.
 B = Non-inter-level travel time spent in this place.
 C = Inter-level travel time spent in this place.
 D = Time resting spent in this place.
 E = Time spent auto-exploring this place.
 F = Levels seen in this place.
 G = Mean time per level.
                   A        B        C        D        E       F      G
               +--------+--------+--------+--------+--------+-----+--------+
         Total |  11276 |  10852 |    424 |      0 |   8523 |  16 |  704.8 |
       Dungeon |  10369 |   9997 |    372 |      0 |   7897 |  12 |  864.1 |
        Temple |    248 |    199 |     49 |      0 |    198 |   1 |  248.0 |
  Orcish Mines |    252 |    250 |      2 |      0 |    156 |   2 |  126.0 |
       Ossuary |    405 |    405 |      0 |      0 |    272 |   1 |  405.0 |
               +--------+--------+--------+--------+--------+-----+--------+

Top non-repeatable levels by time:
    D:11: 1173 daAuts
    D:12: 1124 daAuts
     D:9: 1086 daAuts
     D:6: 1046 daAuts
    D:10: 940 daAuts
     D:7: 906 daAuts
     D:4: 838 daAuts
     D:3: 794 daAuts
     D:5: 712 daAuts
     D:1: 684 daAuts
     D:8: 658 daAuts
 Ossuary: 405 daAuts
     D:2: 403 daAuts
  Temple: 248 daAuts
   Orc:1: 130 daAuts
